 Dungeon Crawl Stone Soup version 0.23-a0-164-g7711e57 (webtiles) character file.

11557 iamserjio the Dealer of Despair (level 12, -1/92 HPs)
             Began as a Human Wanderer on Sept 9, 2018.
             Was an Elder of Kikubaaqudgha.
             Slain by Snorg (20 damage)
             ... on level 11 of the Dungeon.
             The game lasted 00:44:36 (14667 turns).

iamserjio the Dealer of Despair (Human Wanderer)   Turns: 14667, Time: 00:44:37

Health: -1/92      AC:  8    Str: 11    XL:     12   Next: 9%
Magic:  8/30       EV: 16    Int: 24    God:    Kikubaaqudgha [****..]
Gold:   413        SH:  0    Dex: 12    Spells: 8/23 levels left

rFire    . . .     SeeInvis .   u - +1 short sword (elec)
rCold    . . .     Gourm    .   (no shield)
rNeg     + + +     Faith    .   s - +2 robe {rN+}
rPois    .         Spirit   .   q - +0 helmet of Inerhocone {rN++}
rElec    .         Reflect  .   g - +0 cloak
rCorr    .         Harm     .   R - +0 pair of gloves
MR       .....                  r - +0 pair of boots
Stlth    ++........             G - amulet of rage
HPRegen  0.25/turn              O - +4 ring of intelligence
MPRegen  0.22/turn              H - ring of magical power

@: no status effects
A: no striking features
a: Receive Corpses, Renounce Religion, Evoke Berserk Rage


You were on level 11 of the Dungeon.
You worshipped Kikubaaqudgha.
Kikubaaqudgha was greatly pleased with you.
You were not hungry.

You visited 1 branch of the dungeon, and saw 11 of its levels.
You also visited: Ossuary.

You collected 517 gold pieces.
You spent 104 gold pieces at shops.

Inventory:

Hand Weapons
 d - a +0 blowgun
 t - a +0 flail of protection
 u - a +1 short sword of electrocution (weapon)
 A - a +2 dagger of draining
 M - a +1 vampiric short sword
Missiles
 c - 23 poisoned needles
 o - 95 arrows
 C - 5 javelins of penetration (quivered)
Armour
 g - a +0 cloak (worn)
 q - the +0 helmet of Inerhocone (worn) {rN++}
   (You found it on level 7 of the Dungeon)

   It greatly protects you from negative energy.
 r - a +0 pair of boots (worn)
 s - a +2 robe of positive energy (worn)
 R - a +0 pair of gloves (worn)
Magical Staves
 z - an uncursed staff of cold
Jewellery
 a - an uncursed ring of wizardry
 y - an uncursed amulet of guardian spirit
 F - an uncursed ring of positive energy
 G - an amulet of rage (around neck)
 H - a ring of magical power (right hand)
 O - a +4 ring of intelligence (left hand)
Wands
 e - a wand of enslavement (7)
 j - a wand of acid (3)
 l - a wand of clouds (2)
 D - a wand of polymorph (18)
Scrolls
 h - 2 scrolls of enchant weapon {unknown}
 i - a scroll of noise {unknown}
 k - 2 scrolls of fog {unknown}
 n - 8 scrolls of remove curse {@r2}
 p - 8 scrolls of teleportation
 v - 3 scrolls of fear
 x - 4 scrolls of immolation
 E - 4 scrolls of blinking
 J - 2 scrolls of random uselessness
Potions
 b - 10 potions of curing {@q1}
 m - a potion of flight {unknown}
 w - 2 potions of mutation
 B - 2 potions of brilliance {unknown}
 I - 3 potions of haste
 K - a potion of berserk rage
 L - a potion of invisibility {unknown}
 N - a potion of agility
 P - 2 potions of heal wounds
 Q - a potion of might
 T - a potion of cancellation {unknown}
Comestibles
 f - 14 rations
 S - 2 chunks of flesh


   Skills:
 - Level 8.0 Fighting
 - Level 4.0 Short Blades
 - Level 1.0 Staves
 - Level 1.0 Throwing
 - Level 8.0 Dodging
 - Level 1.0 Stealth
 - Level 6.0 Spellcasting
 + Level 12.5 Necromancy
 - Level 2.0 Evocations


You had 8 spell levels left.
You knew the following spells:

 Your Spells              Type           Power        Failure   Level  Hunger
a - Animate Skeleton      Necr           N/A          1%          1    None
b - Vampiric Draining     Necr           ######....   1%          3    #......
c - Pain                  Necr           ####         1%          1    None
d - Agony                 Necr           ######..     1%          5    #####..
e - Dispel Undead         Necr           ######..     1%          5    #####..

Your spell library contained the following spells:

 Spells                   Type           Power        Failure   Level  Hunger
 Sublimation of Blood     Necr           ######....   1%          2    None
 Death Channel            Necr           ######....   7%          6    ######.
 Excruciating Wounds      Chrm/Necr      #####.....   17%         5    #####..
 Simulacrum               Ice/Necr       #####.....   67%         6    ######.


Dungeon Overview and Level Annotations

Branches:
Dungeon (11/15)            Temple (0/1) D:7            Lair (0/6) D:9
    Orc: D:9-12

Altars:
Ashenzari
Elyvilon
Kikubaaqudgha
Nemelex Xobeh
Ru
Trog
Uskayaw
Yredelemnul

Shops:
D:9 ?

Annotations:
D:11 Snorg


Message History

Casting: Vampiric Draining (safe; 1% risk of failure)
Aiming: Vampiric Draining (safe; 1% risk of failure)
Aim: Snorg (almost dead, berserk, fast, unusually strong)
You feel life coursing into your body. Snorg bites you!
Snorg closely misses you. x2; Snorg completely misses you. x2; Snorg claws you!
Okay, then.
Casting: Vampiric Draining (safe; 1% risk of failure)
Aiming: Vampiric Draining (safe; 1% risk of failure)
Aim: Snorg (almost dead, berserk, fast, unusually strong)
You feel life coursing into your body. Snorg closely misses you.
Snorg claws you but does no damage. Snorg misses you.
Casting: Vampiric Draining (safe; 1% risk of failure)
Aiming: Vampiric Draining (safe; 1% risk of failure)
Aim: Snorg (almost dead, berserk, fast, unusually strong)
You feel life coursing into your body. Snorg bites you!
Snorg barely misses you. Snorg completely misses you. Snorg bites you!
* * * LOW HITPOINT WARNING * * *
Snorg barely misses you. Snorg claws you!!
You die...
Kikubaaqudgha rasps: "You have failed me!
Welcome... death!"

'...#.......####
###.#.......##.#
...%.. #
#.'...)...##.#
..... #
###...>...##.#
.... #
#.......'..# ...#
# #.......####
$..## #
#..........#
...8# #
##########.##T..#
# #..@...# #
######## # # # #
# # #


You could see Snorg (berserk).

Vanquished Creatures
  Josephine (D:11)
  2 two-headed ogres
  A centaur skeleton (D:11)
  Prince Ribbit (D:8)
  A hornet (D:9)
  Grinder (D:3)
  3 hippogriffs
  A vampire (D:10)
  5 wraiths (D:11)
  4 yaks
  A human (D:3)
  A steam dragon (D:11)
  Grum (D:8)
  3 ice beasts
  5 sky beasts
  2 phantoms
  A black bear (D:9)
  5 ogres
  2 wolves (D:8)
  3 centaurs
  2 crocodiles
  2 big kobolds
  8 bullfrogs
  A water moccasin zombie (D:6)
  2 wyvern zombies (Ossuary)
  2 scorpions
  6 crimson imps
  5 bullfrog zombies
  3 howler monkeys
  4 centaur zombies
  5 hounds
  2 bullfrog skeletons
  3 orc priests
  5 jellies
  12 orc wizards
  3 iguanas
  6 worker ants
  2 killer bee zombies
  5 hound zombies (Ossuary)
  15 mummies (Ossuary)
  3 worker ant zombies (Ossuary)
  6 adders
  3 gnolls (D:4)
  5 oozes (D:10)
  2 adder skeletons
  4 adder zombies
  2 worms
  A dart slug (D:2)
  4 leopard geckos
  30 orcs
  2 ball pythons
  5 giant cockroaches
  6 goblins
  5 hobgoblins
  A quokka (D:9)
  10 bats
  5 frilled lizards
  A jackal zombie (Ossuary)
  9 kobolds
  A leopard gecko zombie (Ossuary)
  An orc zombie (D:5)
  3 quokka zombies
  5 rats
251 creatures vanquished.

Vanquished Creatures (collateral kills)
  A wolf spider zombie (D:10)
  2 yaks
  An eye of draining (D:9)
  A sky beast (D:6)
  3 ogres (D:9)
  A crocodile (D:9)
  An orc priest (D:9)
  An orc wizard (D:9)
  A worker ant (D:9)
  An adder (D:10)
  An adder zombie (D:9)
  2 orcs (D:6)
  2 kobolds (D:8)
18 creatures vanquished.

Vanquished Creatures (others)
  A wizard (D:11)
  A yak (D:11)
  A hobgoblin (D:3)
  A rat (D:3)
4 creatures vanquished.

Grand Total: 273 creatures vanquished

Notes
Turn   | Place    | Note
-------+----------+-------------------------------------------
     0 | D:1      | iamserjio the Human Wanderer began the quest for the Orb.
     0 | D:1      | iamserjio set off with: a +2 short sword, a potion of
                  | curing {@q1}, 12 poisoned needles, a +0 blowgun, a +0 robe,
                  | a ration
     0 | D:1      | Reached XP level 1. HP: 15/15 MP: 1/1
   268 | D:1      | Reached XP level 2. HP: 16/22 MP: 2/2
  1054 | D:2      | Reached XP level 3. HP: 28/28 MP: 3/3
  1479 | D:2      | Reached XP level 4. HP: 35/35 MP: 4/4
  1970 | D:3      | Noticed a big kobold
  1989 | D:3      | Killed a big kobold
  1989 | D:3      | Reached XP level 5. HP: 24/43 MP: 5/5
  2198 | D:3      | Noticed Grinder
  2432 | D:2      | Reached skill level 5 in Fighting
  2432 | D:2      | Reached skill level 1 in Spellcasting
  2659 | D:2      | Reached XP level 6. HP: 26/51 MP: 6/8
  2852 | D:3      | Found a runed door.
  2852 | D:3      | Noticed a human
  2863 | D:3      | Found a basalt altar of Yredelemnul.
  3488 | D:4      | Noticed a phantom
  3795 | D:4      | Killed a phantom
  3795 | D:4      | Reached XP level 7. HP: 32/56 MP: 10/12
  4394 | D:5      | Entered Level 5 of the Dungeon
  4394 | D:5      | Found a sparkling altar of Nemelex Xobeh.
  4395 | D:5      | Found a shattered altar of Ashenzari.
  4395 | D:5      | Found an ancient bone altar of Kikubaaqudgha.
  4437 | D:5      | Became a worshipper of Kikubaaqudgha
  4734 | D:5      | Found an ancient bone altar of Kikubaaqudgha.
  4779 | D:5      | Reached XP level 8. HP: 47/64 MP: 14/14
  4790 | D:5      | Reached skill level 1 in Necromancy
  4857 | D:5      | Found a sand-covered staircase.
  4900 | D:5      | Reached skill level 2 in Necromancy
  4915 | Ossuary  | Entered an ossuary
  5232 | Ossuary  | Reached * piety under Kikubaaqudgha
  5232 | Ossuary  | Identified Kikubaaqudgha's Papyrus of Black Magic
                  | (Kikubaaqudgha gifted it to you in an ossuary)
  5232 | Ossuary  | Received a gift from Kikubaaqudgha
  5248 | Ossuary  | Learned a level 1 spell: Animate Skeleton
  5252 | Ossuary  | Learned a level 3 spell: Vampiric Draining
  5254 | Ossuary  | Learned a level 1 spell: Pain
  5563 | Ossuary  | Reached skill level 3 in Necromancy
  5581 | Ossuary  | Reached skill level 5 in Dodging
  5719 | Ossuary  | Reached XP level 9. HP: 65/71 MP: 15/15
  5742 | Ossuary  | Reached skill level 4 in Necromancy
  5795 | Ossuary  | Reached ** piety under Kikubaaqudgha
  6345 | D:5      | Found a white marble altar of Elyvilon.
  6797 | D:5      | Found a hide-covered altar of Uskayaw.
  6993 | D:3      | Paralysed by Grinder for 3 turns
  7000 | D:3      | Paralysed by Grinder for 4 turns
  7005 | D:3      | Killed Grinder
  7005 | D:3      | Reached skill level 5 in Necromancy
  7703 | D:6      | Reached skill level 6 in Necromancy
  8958 | D:7      | Reached skill level 7 in Necromancy
  8958 | D:7      | Reached XP level 10. HP: 65/80 MP: 16/16
  9047 | D:7      | Found a staircase to the Ecumenical Temple.
  9460 | D:7      | Got an encrusted helmet
  9888 | D:8      | Noticed Prince Ribbit
  9895 | D:8      | Killed Prince Ribbit
  9895 | D:8      | Reached skill level 8 in Necromancy
 10091 | D:8      | Noticed Grum
 10114 | D:8      | Reached skill level 9 in Necromancy
 10115 | D:8      | Killed Grum
 10492 | D:8      | Noticed a two-headed ogre
 10499 | D:8      | Killed a two-headed ogre
 10499 | D:8      | Reached skill level 10 in Necromancy
 11196 | D:8      | Identified the +0 helmet of Inerhocone {rN++} (You found it
                  | on level 7 of the Dungeon)
 11212 | D:9      | Reached skill level 1 in Evocations
 11352 | D:9      | Reached *** piety under Kikubaaqudgha
 11352 | D:9      | Identified Kikubaaqudgha's Guide on Darkness (Kikubaaqudgha
                  | gifted it to you on level 9 of the Dungeon)
 11352 | D:9      | Received a gift from Kikubaaqudgha
 11369 | D:9      | Learned a level 5 spell: Agony
 11375 | D:9      | Learned a level 5 spell: Dispel Undead
 11430 | D:9      | Found a sacrificial altar of Ru.
 11431 | D:9      | Found a basalt altar of Yredelemnul.
 11656 | D:9      | Reached XP level 11. HP: 75/86 MP: 17/17
 11683 | D:9      | Found a staircase to the Lair.
 12123 | D:9      | Found Eposuhusid's Magic Scroll Shoppe.
 12126 | D:9      | Bought a scroll of immolation for 56 gold pieces
 12126 | D:9      | Bought a scroll of random uselessness for 16 gold pieces
 12126 | D:9      | Bought a scroll of identify for 32 gold pieces
 12348 | D:10     | Entered Level 10 of the Dungeon
 12474 | D:10     | Noticed a two-headed ogre
 12482 | D:10     | Killed a two-headed ogre
 12482 | D:10     | Reached skill level 5 in Spellcasting
 12695 | D:10     | Reached skill level 11 in Necromancy
 13250 | D:11     | Reached **** piety under Kikubaaqudgha
 13812 | D:11     | Found a bloodstained altar of Trog.
 13813 | D:11     | Noticed a wizard
 13819 | D:11     | Killed a wizard
 14044 | D:11     | Noticed Josephine
 14051 | D:11     | Killed Josephine
 14051 | D:11     | Reached skill level 12 in Necromancy
 14052 | D:11     | Reached XP level 12. HP: 71/92 MP: 15/21
 14588 | D:11     | Noticed Snorg
 14667 | D:11     | Slain by Snorg

Vault maps used:
D:1:      minmay_arrival_solitary_statue
D:2:      minmay_misc_feat_cross
D:3:      dk_yredelemnul_ordeal, uniq_grinder
D:5:      grunt_temple_overflow_open, lemuel_round_altar, enter_ossuary_3,
          first_ration, basic_altar, elyvilon_altar_1
D:7:      minmay_temple_entry_water_ring, serial_glass, glass_columns_c,
          glass_columns_a, feat_on_display, item_on_display_b,
          serial_park_tiny_1
D:8:      uniq_prince_ribbit1, uniq_grum
D:9:      nicolae_overflow_hidden_temple, lair_entry_dummy, serial_shops,
          kennysheep_mini_moat
D:10:     hangedman_little_slice_of_home, minivault_1
D:11:     serial_corexii_hall, corexii_hall_statues_s, corexii_hall_statues_u,
          corexii_hall_statues_t, corexii_hall_statues_s, trog_wizard,
          uniq_josephine, uniq_snorg
Ossuary:  ossuary_zaba_flooded

Skill      XL: |  1  2  3  4  5  6  7  8  9 10 11 |
---------------+----------------------------------+-----
Fighting       | 2 3 4 5 6 7 8 |  8.0
Spellcasting   | 1 3 4 6 |  6.0
Dodging        | 4 5 6 8 |  8.0
Necromancy     | 3 7 10 12 | 12.5
Short Blades   | 4 |  4.0
Evocations     | 2 |  2.0
Staves         | |  1.0
Throwing       | |  1.0
Stealth        | |  1.0

Action                   |  1- 3 |  4- 6 |  7- 9 | 10-12 || total
-------------------------+-------+-------+-------+-------++-------
Melee: Short sword       |    99 |   169 |   429 |   405 ||  1102
       Dagger            |       |       |    32 |       ||    32
 Fire: Blowgun           |       |    18 |       |       ||    18
 Cast: Pain              |       |       |    14 |    39 ||    53
       Animate Skeleton  |       |       |     3 |    22 ||    25
       Vampiric Draining |       |       |       |    18 ||    18
       Agony             |       |       |       |    18 ||    18
       Dispel Undead     |       |       |       |     7 ||     7
Invok: Receive Corpses   |       |       |     1 |       ||     1
 Abil: Evoke Berserk Rag |       |       |     1 |       ||     1
Evoke: Wand              |       |       |     1 |    17 ||    18
  Use: Scroll            |       |     7 |     4 |     3 ||    14
       Potion            |       |     1 |     4 |       ||     5
 Stab: Sleeping          |       |       |       |     5 ||     5
       Distracted        |       |       |       |     2 ||     2
  Eat: Chunk             |     2 |     6 |    12 |    16 ||    36
       Ration            |       |       |     2 |     3 ||     5
Armor: Robe              |    12 |       |    14 |    96 ||   122
       Ring mail         |    12 |    43 |   100 |       ||   155
Dodge: Dodged            |    63 |    82 |   205 |   273 ||   623

Table legend:
 A = Non-vault XP
 B = Vault XP
 C = Vault XP percentage of total XP
 D = Non-vault monster count
 E = Vault monster count
 F = Vault count percentage of total count
                 A         B        C        D         E       F
            +---------+---------+-------+---------+---------+-------
      Total |   12184 |    4326 |  26.2 |     211 |      59 |  21.9
            +---------+---------+-------+---------+---------+-------
        D:1 |      28 |       0 |   0.0 |      19 |       0 |   0.0
        D:2 |     140 |       0 |   0.0 |      19 |       0 |   0.0
        D:3 |     173 |     463 |  72.8 |      18 |       2 |  10.0
        D:4 |     399 |       0 |   0.0 |      16 |       0 |   0.0
        D:5 |     855 |       1 |   0.1 |      17 |       1 |   5.6
        D:6 |     892 |       0 |   0.0 |      22 |       0 |   0.0
        D:7 |     417 |       0 |   0.0 |       6 |       0 |   0.0
        D:8 |    1811 |     687 |  27.5 |      28 |       4 |  12.5
        D:9 |    1972 |       0 |   0.0 |      31 |       0 |   0.0
       D:10 |    2521 |     160 |   6.0 |      14 |       8 |  36.4
       D:11 |    2976 |    2094 |  41.3 |      21 |       6 |  22.2
    Ossuary |       0 |     921 | 100.0 |       0 |      38 | 100.0
            +---------+---------+-------+---------+---------+-------
